 Dungeon Crawl Stone Soup version 0.27-a0-1528-g90fbb72469 (webtiles) character file.

Game seed: 5721524581363727592

547 Morbidden the Sneak (level 7, -1/78 HPs)
             Began as a Demonspawn Brigand on July 11, 2021.
             Succumbed to a scorpion's poison
             ... on level 5 of the Dungeon.
             The game lasted 00:03:50 (6115 turns).

Morbidden the Sneak (Demonspawn Brigand)            Turns: 6115, Time: 00:03:51

Health: -1/78      AC: 23    Str: 10 (11) XL:     7   Next: 7%
Magic:  7/7        EV:  2    Int: 13 (14) God:
Gold:   286        SH:  0    Dex: 14 (15) Spells: 6/6 levels left

rFire    . . .     SeeInvis +     - Unarmed
rCold    . . .     Faith    .   (no shield)
rNeg     + + +     Spirit   .   (armour currently unavailable)
rPois    +         Reflect  .   (helmet currently unavailable)
rElec    .         Harm     .   (cloak currently unavailable)
rCorr    .         Rampage  .   (gloves currently unavailable)
Will     .....     NoTele   +   (boots currently unavailable)
Stlth    +.........             (no amulet)
HPRegen  0.23/turn              l - ring of see invisible
MPRegen  0.10/turn              (no ring)

@: lethally poisoned (-1 -> -5), lit by a corona, tree-form, glowing
A: stationary, stasis, torment immunity, boosted hp, (claws 1), demonic guardian
2, foul stench 2
a: no special abilities


You were on level 5 of the Dungeon.
You were a tree.
You visited 1 branch of the dungeon, and saw 5 of its levels.

You collected 286 gold pieces.

Inventory:

Missiles
 d - 8 poisoned darts (quivered)
 e - 2 curare-tipped darts
Armour
 b - a +0 robe (melded)
 c - a +0 cloak (melded)
Jewellery
 l - a ring of see invisible (left branch)
Scrolls
 a - 3 scrolls of teleportation {unknown}
 g - a scroll of amnesia {unknown}
 i - a scroll of noise {unknown}
 j - 3 scrolls of identify {unknown}
 k - a scroll of holy word {unknown}
Potions
 f - a potion of berserk rage
 n - a potion of degeneration
 o - a potion of haste {unknown}
Miscellaneous
 m - a phantom mirror


   Skills:
 * Level 3.2 Fighting
 + Level 2.3 Short Blades
 + Level 1.8 Throwing
 * Level 2.7 Dodging
 + Level 4.7 Stealth
 * Level 4.5 Unarmed Combat
 + Level 0.4 Evocations


You had 6 spell levels left.
You didn't know any spells.
Your spell library contained the following spells:

 Spells                   Type           Power      Damage    Failure   Level
 Call Imp                 Summ           0%         N/A       43%         2
 Passwall                 Tmut/Erth      0%         N/A       43%         2
 Static Discharge         Conj/Air       0%         N/A       43%         2
 Swiftness                Air            0%         N/A       67%         3
 Invisibility             Hex            0%         N/A       100%        6
 Haunt                    Necr/Summ      0%         N/A       100%        7
 Orb of Destruction       Conj           0%         N/A       100%        7


Dungeon Overview and Level Annotations

Branches:
Dungeon (5/15)
 Temple: D:4-7

Altars:
Hepliaklqana

Shops:
D:4 *

Annotations:
D:4 3 runed translucent doors, fly's ghost, weakling HuDe


Innate Abilities, Weirdness & Mutations

You are a tree.
Your roots penetrate the ground, keeping you stationary.
You cannot be teleported.
You are immune to unholy pain and torment.
Your maximum health is greatly increased.
Your equipment is partially melded.
((You have sharp fingernails.))
A demonic guardian rushes to your aid.
You sometimes emit foul miasma when damaged in melee.


Message History

You are lethally poisoned!
The scorpion poisons you!
You emit a cloud of foul miasma!
Unknown command.
Unknown command.
* * * LOW HITPOINT WARNING * * *
You feel very sick.
The scorpion is engulfed in dark miasma.
The scorpion is poisoned.
The scorpion seems to slow down.
You kill the scorpion!
The orc hits you with a +0 short sword.
* * * LOW HITPOINT WARNING * * *
You emit a cloud of foul miasma!
Your orange demon stings the necrophage from afar!
Your orange demon stings the orc from afar!
The orc dies!
Unknown command.
Unknown command.
You swap places.
* * * LOW HITPOINT WARNING * * *
You feel sick.
The orc throws a boomerang.
The boomerang hits your orange demon! The necrophage hits your orange demon!
Your orange demon stings the necrophage!
Your orange demon hits the necrophage!
The necrophage is destroyed!
You have reached level 7!
Unknown command.
Unknown command.
It was a potion of degeneration.
There was something very wrong with that liquid.
You feel weakened.
You feel dopey.
You feel clumsy.
* * * LOW HITPOINT WARNING * * *
You feel sick.
Your orange demon disappears in a puff of smoke!
The orc throws a boomerang.
The boomerang hits your orange demon.
Unknown command.
Unknown command.
It was a potion of lignification.
You turn into a tree.
Your +0 cloak melds into your body.
Your +0 robe melds into your body.
Your roots penetrate the ground.
You die...

......)...........
.....................
...........).........
...........).........
.............<.......
.....................
.........).§...$.....
.........)○..........
.......♣4.o.........o
.........○...........
.....................
.....................
....................
...................
..................
.................


You could see an orc and a friendly orange demon (summoned).

Vanquished Creatures
  A scorpion (D:5)
  An iguana (D:4)
  An orc wizard (D:4)
  A gnoll shaman (D:5)
  2 gnolls (D:5)
  3 adders
  A howler monkey skeleton (D:3)
  An adder skeleton (D:4)
  A worm (D:3)
  A dart slug (D:4)
  10 orcs
  7 ball pythons
  3 endoplasms
  7 goblins
  4 hobgoblins
  9 jackals
  A quokka (D:2)
  3 bats (D:3)
  3 frilled lizards
  7 kobolds
  3 rats
70 creatures vanquished.

Vanquished Creatures (collateral kills)
  Grinder (D:3)
  A necrophage (D:5)
  A water moccasin skeleton (D:3)
  A scorpion zombie (D:5)
  2 adders (D:2)
  2 gnolls (D:5)
  2 worms (D:2)
  An orc (D:5)
  A goblin (D:2)
  A rat (D:3)
13 creatures vanquished.

Vanquished Creatures (others)
  A plant (D:3)
1 creature vanquished.

Grand Total: 84 creatures vanquished

Notes
Turn   | Place    | Note
-------+----------+-------------------------------------------
     0 | D:1      | Morbidden the Demonspawn Brigand began the quest for the
                  | Orb.
     0 | D:1      | Reached XP level 1. HP: 16/16 MP: 1/1
   282 | D:1      | Reached skill level 1 in Dodging
   897 | D:1      | Gained mutation: A weak demonic guardian rushes to your
                  | aid. [demonic ancestry]
   897 | D:1      | Reached XP level 2. HP: 16/22 MP: 2/2
  2293 | D:2      | Gained mutation: You have sharp fingernails. [demonic
                  | ancestry]
  2293 | D:2      | Reached XP level 3. HP: 21/27 MP: 3/3
  2700 | D:2      | Found a faded altar of an unknown god.
  2744 | D:2      | Got the Disquisition on Destructive Slavery
  3889 | D:3      | Gained mutation: You may rarely emit foul miasma when
                  | damaged in melee. [demonic ancestry]
  3889 | D:3      | Reached XP level 4. HP: 27/34 MP: 4/4
  4023 | D:3      | Noticed Grinder
  4033 | D:3      | Paralysed by Grinder for 4 turns
  4051 | D:3      | Reached skill level 1 in Unarmed Combat
  4055 | D:3      | Paralysed by Grinder for 4 turns
  4064 | D:3      | Killed Grinder
  4065 | D:3      | Gained mutation: A demonic guardian rushes to your aid.
                  | [demonic ancestry]
  4065 | D:3      | Reached XP level 5. HP: 7/39 MP: 5/5
  4506 | D:3      | Gained mutation: You sometimes emit foul miasma when
                  | damaged in melee. [demonic ancestry]
  4506 | D:3      | Reached XP level 6. HP: 14/46 MP: 6/6
  5262 | D:4      | Found Ykal's Elemental Accessories.
  5929 | D:4      | Found a runed translucent gate.
  5929 | D:4      | Found a runed translucent gate.
  5929 | D:4      | Found a runed translucent gate.
  5929 | D:4      | Noticed fly's ghost (weakling HuDe)
  5992 | D:4      | Found a faded altar of an unknown god.
  5993 | D:4      | Found a hazy altar of Hepliaklqana.
  6087 | D:5      | Entered Level 5 of the Dungeon
  6113 | D:5      | HP: 1/47 [poisoned by a scorpion]
  6114 | D:5      | Reached XP level 7. HP: 2/52 MP: 7/7
  6115 | D:5      | Succumbed to a scorpion's poison

Illustrated notes

Levels and vault maps discovered:
D:1:      amcnicky_arrival_blooded_trapdoor, layout_loops_corners,
          serial_forest, infiniplex_forest_clump_double,
          infiniplex_forest_lined_room_3, infiniplex_forest_lined_3_way,
          infiniplex_forest_lined_room_2, infiniplex_forest_fountain,
          infiniplex_forest_lined_3_way, infiniplex_forest_end_3,
          infiniplex_forest_clump_C, hangedman_abyss_or_decor_stabs
D:2:      layout_loops_cross, ebering_ecumenical_altar_mist, minmay_tetromino_s2
D:3:      minmay_angry_zag, layout_loops_ring, serial_bayou_lagoon_a,
          minmay_checkerbox, uniq_grinder
D:4:      layout_rooms, beargit_hepliaklqana_dungeon_heroes,
          gammafunk_ghost_necromancy, nicolae_elemental_shop
D:5:      layout_layer_cave, serial_shops, nicolae_square_shop, uniq_eustachio,
          uniq_ijyb

Skill      XL: |  1  2  3  4  5  6 |
---------------+-------------------+-----
Dodging        | 1 2 |  2.7
Stealth        | 4 |  4.7
Short Blades   | 2 |  2.3
Unarmed Combat | 2 3 4 |  4.5
Fighting       | 3 |  3.2
Throwing       | |  1.8
Evocations     | |  0.4

Action                   |  1- 3 |  4- 6 |  7- 9 || total
-------------------------+-------+-------+-------++-------
Melee: Dagger            |    72 |       |       ||    72
       Unarmed           |    68 |   140 |       ||   208
       Punch             |       |     1 |       ||     1
Evoke: Phantom mirror    |       |     1 |       ||     1
  Use: Potion            |       |     3 |     2 ||     5
 Stab: Sleeping          |     9 |     2 |       ||    11
       Distracted        |       |     1 |       ||     1
Armor: Robe              |    18 |    34 |       ||    52
Dodge: Dodged            |    57 |   103 |       ||   160

Table legend: (Time is in decaauts)
 A = Elapsed time spent in this place.
 B = Non-inter-level travel time spent in this place.
 C = Inter-level travel time spent in this place.
 D = Time resting spent in this place.
 E = Time spent auto-exploring this place.
 F = Levels seen in this place.
 G = Mean time per level.
                   A        B        C        D        E       F      G
               +--------+--------+--------+--------+--------+-----+--------+
         Total |   6121 |   6042 |     79 |   1448 |   3979 |   5 | 1224.2 |
       Dungeon |   6121 |   6042 |     79 |   1448 |   3979 |   5 | 1224.2 |
               +--------+--------+--------+--------+--------+-----+--------+

Top non-repeatable levels by time:
     D:2: 1878 daAuts
     D:3: 1877 daAuts
     D:1: 1741 daAuts
     D:4: 597 daAuts
     D:5: 26 daAuts
